 Dungeon Crawl Stone Soup version 0.23.2-1-ga50397a (webtiles) character file.

Game seed: 6492128463214420814

3231 Wetone the Tainter (level 9, -2/55 HPs)
             Began as an Octopode Venom Mage on May 31, 2019.
             Was an Initiate of Okawaru.
             Slain by a hound (3 damage)
             ... while petrified by a basilisk
             ... on level 8 of the Dungeon on June 1, 2019.
             The game lasted 00:22:59 (8718 turns).

Wetone the Tainter (Octopode Venom Mage)            Turns: 8718, Time: 00:23:00

Health: -2/55      AC:  1    Str:  8    XL:     9   Next: 98%
Magic:  0/18       EV:  2    Int: 17    God:    Okawaru [......]
Gold:   306        SH:  0    Dex: 15    Spells: 7/20 levels left

rFire    . . .     SeeInvis +   q - +2 dagger (venom)
rCold    + . .     Gourm    .   (no shield)
rNeg     + + +     Faith    .   A - +0 hat
rPois    ∞         Spirit   +   c - amulet of guardian spirit
rElec    .         Reflect  .   k - ring of stealth
rCorr    .         Harm     .   m - ring of protection from cold
MR       .....                  t - ring of see invisible
Stlth    ++++++....             (no ring)
HPRegen  0.18/turn              (no ring)
MPRegen  0.16/turn              (no ring)
                                (no ring)
                                (no ring)

@: petrified
A: almost no armour, stealthy swim, amphibious, 8 rings, constrict 8, camouflage
1, gelatinous body 1
a: Renounce Religion


You were on level 8 of the Dungeon.
You worshipped Okawaru.
Okawaru was noncommittal.
You were not hungry.

You visited 2 branches of the dungeon, and saw 9 of its levels.
You also visited: Sewer.

You collected 306 gold pieces.

Inventory:

Hand Weapons
 d - a +1 scimitar of slicing
 q - a +2 dagger of venom (weapon)
Armour
 A - a +0 hat (worn)
Jewellery
 c - an amulet of guardian spirit (around mantle)
 k - a ring of stealth (left tentacle)
 m - a ring of protection from cold (right tentacle)
 t - a ring of see invisible (on tentacle)
Wands
 y - a wand of random effects (15)
Scrolls
 a - 4 scrolls of remove curse
 f - a scroll of immolation
 g - 2 scrolls of blinking
 j - 7 scrolls of teleportation
 r - 2 scrolls of fear {unknown}
 v - a scroll of noise {unknown}
 w - a scroll of enchant weapon {unknown}
 z - 2 scrolls of amnesia {unknown}
 C - a scroll of enchant armour {unknown}
Potions
 e - a potion of agility {unknown}
 h - 3 potions of flight
 i - 3 potions of curing
 l - 3 potions of brilliance {unknown}
 n - 3 potions of haste
 o - a potion of might {unknown}
 p - 2 potions of magic {unknown}
 s - 2 potions of lignification {unknown}
 u - a potion of resistance {unknown}
 x - a potion of heal wounds {unknown}
Comestibles
 b - 12 rations
 B - 4 chunks of flesh


   Skills:
 + Level 2.9 Fighting
 + Level 4.8 Short Blades
 * Level 4.5 Dodging
 - Level 7.0 Stealth
 - Level 2.2 Unarmed Combat
 * Level 6.3 Spellcasting
 - Level 3.8 Conjurations
 * Level 0.9 Hexes
 - Level 3.0 Air Magic
 - Level 8.0 Poison Magic


You had 7 spell levels left.
You knew the following spells:

 Your Spells              Type           Power        Failure   Level  Hunger
a - Sting                 Conj/Pois      ####         1%          1    None
b - Poisonous Vapours     Pois/Air       ###...       1%          2    None
c - Mephitic Cloud        Conj/Pois/Air  ###.....     4%          3    ##.....
d - Olgreb's Toxic Radia  Pois           ####....     4%          4    ####...
e - Swiftness             Chrm/Air       ##......     10%         2    None
f - Confusing Touch       Hex            #.....       9%          1    None

Your spell library contained the following spells:

 Spells                   Type           Power        Failure   Level  Hunger
 Shock                    Conj/Air       ###.         3%          1    None
 Static Discharge         Conj/Air       ###.....     9%          3    ##.....
 Confuse                  Hex            #.......     26%         3    ##.....
 Venom Bolt               Conj/Pois      ####......   30%         5    #####..
 Airstrike                Air            ###.......   34%         4    ####...
 Gell's Gravitas          Tloc           #.........   36%         3    ##.....
 Lightning Bolt           Conj/Air       ###.......   63%         5    #####..
 Petrify                  Tmut/Erth      #.......     77%         4    ####...
 Metabolic Englaciation   Hex/Ice        #.........   96%         5    #####..
 Yara's Violent Unravell  Hex/Tmut       #.........   96%         5    #####..


Dungeon Overview and Level Annotations

Branches:
Dungeon (8/15)             Temple (1/1) D:7            Lair (0/6) D:8

Altars:
Cheibriados
Dithmenos
Elyvilon
Gozag
Hepliaklqana
Makhleb
Nemelex Xobeh
Okawaru
Qazlal
Ru
Sif Muna
Uskayaw
Vehumet
Wu Jian
Yredelemnul
Zin
The Shining One

Annotations:
D:2 1 runed translucent door, Crazy Yiuf
D:3 2 runed translucent doors, Sassenached's ghost, amateur DsWn
D:5 exclusion: downstairs


Innate Abilities, Weirdness & Mutations

You cannot wear most types of armour.
You are very stealthy in the water. (Stealth+)
You are amphibious.
You can wear up to eight rings at the same time.
You can use your tentacles to constrict eight enemies at once.
Your skin changes colour to match your surroundings (Stealth+).
Your rubbery body absorbs attacks. (AC +1, EV +1)


Message History

The basilisk gazes at you. You resist with some effort. The basilisk bites you.
The hound bites you. The elephant barely misses you.
The elephant trunk-slaps you. The basilisk gazes at you. The hound bites you.
The basilisk bites you! The elephant tramples you!!
* * * LOW HITPOINT WARNING * * *
You hold your ground!
The elephant barely misses you. The hound bites you. The basilisk gazes at you.
The basilisk bites you but does no damage.
The hound bites you.
* * * LOW HITPOINT WARNING * * *
The elephant tramples you!!
* * * LOW HITPOINT WARNING * * *
You hold your ground!
The elephant trunk-slaps you.
* * * LOW HITPOINT WARNING * * *
The basilisk gazes at you. You resist with some effort. The hound bites you.
You die...

#.......#....H...
#.#####.##...Y...
........####.....
#######..# ##.##
#..# # ## #..# ..
##..######.# #.
#ll.......# #.
#@Y.######.#
#.###h..# #.......#
#.#.......# .. #.#
#.#..###.## #.#
.#.###.#..# #.#
#.##..........# #.#
.........##...###.#
#........(........##


You could see an elephant, 2 basilisks and a hound.

Vanquished Creatures
  Pikel (D:6)
  Prince Ribbit (D:6)
  A hornet zombie (D:6)
  2 sky beasts
  An orc warrior (D:7)
  A slave (D:6)
  A black bear (D:7)
  A centaur (D:7)
  3 ogres
  6 big kobolds
  3 bullfrogs
  A wyvern skeleton (D:6)
  2 scorpions
  A howler monkey (D:6)
  4 crimson imps (D:6)
  2 jellies (D:5)
  2 orc priests
  5 hounds
  2 orc wizards
  Ijyb (D:5)
  An iguana (D:5)
  2 worker ants
  2 hound zombies
  A worker ant zombie (D:7)
  14 adders
  4 gnolls (D:7)
  2 howler monkey skeletons
  3 river rats (Sewer)
  A shadow imp (D:5)
  6 oozes
  An adder zombie (D:5)
  An adder skeleton (D:8)
  7 worms
  5 leopard geckos
  16 orcs
  8 bats
  6 giant cockroaches
  7 goblins
  9 hobgoblins
  5 jackals
  10 quokkas
  A ball python (Sewer)
  A ball python skeleton (D:5)
  5 frilled lizards
  14 kobolds
  A leopard gecko zombie (D:7)
  13 rats
187 creatures vanquished.

Vanquished Creatures (others)
  A slave (D:6)
1 creature vanquished.

Grand Total: 188 creatures vanquished

Notes
Turn   | Place    | Note
-------+----------+-------------------------------------------
     0 | D:1      | Wetone the Octopode Venom Mage began the quest for the Orb.
     0 | D:1      | Reached XP level 1. HP: 11/11 MP: 3/3
   355 | D:1      | Reached skill level 4 in Poison Magic
   355 | D:1      | Reached XP level 2. HP: 10/17 MP: 5/5
   493 | D:1      | Learned a level 2 spell: Poisonous Vapours
  1227 | D:1      | Reached XP level 3. HP: 21/21 MP: 6/6
  1581 | D:2      | Learned a level 3 spell: Mephitic Cloud
  1606 | D:2      | Reached skill level 1 in Air Magic
  1775 | D:2      | Reached XP level 4. HP: 27/27 MP: 2/7
  1921 | D:2      | Reached skill level 1 in Unarmed Combat
  1921 | D:2      | Reached XP level 5. HP: 32/32 MP: 5/8
  2175 | D:2      | Found a runed translucent door.
  2176 | D:2      | Noticed Crazy Yiuf
  2731 | D:3      | Noticed Sassenached's ghost (amateur DsWn)
  2737 | D:3      | Found a runed translucent door.
  2816 | D:3      | Found a runed translucent door.
  3118 | D:4      | Noticed an ogre
  3126 | D:4      | Killed an ogre
  3126 | D:4      | Reached XP level 6. HP: 18/37 MP: 4/9
  3186 | D:4      | Learned a level 4 spell: Olgreb's Toxic Radiance
  3213 | D:4      | Reached skill level 1 in Short Blades
  3218 | D:4      | Found a glowing drain.
  3327 | Sewer    | Entered a sewer
  3574 | Sewer    | Reached XP level 7. HP: 29/42 MP: 6/11
  3678 | Sewer    | Reached skill level 1 in Fighting
  3678 | Sewer    | Reached skill level 5 in Poison Magic
  4413 | D:4      | Reached XP level 8. HP: 45/48 MP: 10/13
  4730 | D:5      | Entered Level 5 of the Dungeon
  4987 | D:5      | Reached skill level 6 in Poison Magic
  5533 | D:5      | Reached skill level 5 in Stealth
  6260 | D:5      | Noticed Ijyb
  6271 | D:5      | Killed Ijyb
  6683 | D:6      | Learned a level 2 spell: Swiftness
  6734 | D:6      | Noticed Pikel
  6762 | D:6      | Killed Pikel
  6762 | D:6      | Reached skill level 5 in Spellcasting
  6762 | D:6      | Reached skill level 7 in Poison Magic
  6762 | D:6      | Reached XP level 9. HP: 51/54 MP: 1/16
  7134 | D:6      | Noticed Prince Ribbit
  7144 | D:6      | Killed Prince Ribbit
  7859 | D:7      | Reached skill level 8 in Poison Magic
  7991 | D:7      | Learned a level 1 spell: Confusing Touch
  8011 | D:7      | Found a staircase to the Ecumenical Temple.
  8018 | Temple   | Entered the Ecumenical Temple
  8028 | Temple   | Became a worshipper of Warmaster Okawaru
  8059 | D:7      | Found a glowing golden altar of the Shining One.
  8694 | D:8      | Found a staircase to the Lair.
  8695 | D:8      | Noticed an elephant
  8717 | D:8      | HP: 2/55 [elephant (7)]
  8718 | D:8      | Slain by a hound

Skill      XL: |  1  2  3  4  5  6  7  8  9 |
---------------+----------------------------+-----
Poison Magic   | 4 5 7 8 |  8.0
Air Magic      | 1 2 3 |  3.0
Unarmed Combat | 1 2 |  2.2
Dodging        | 3 4 |  4.5
Conjurations   | 2 3 |  3.8
Short Blades   | 1 2 3 4 |  4.8
Stealth        | 3 4 6 7 |  7.0
Fighting       | 1 2 |  2.9
Spellcasting   | 3 5 6 |  6.3
Hexes          | |  0.9

Action                   |  1- 3 |  4- 6 |  7- 9 || total
-------------------------+-------+-------+-------++-------
Melee: Unarmed           |   112 |    47 |       ||   159
       Constrict         |    33 |    24 |    39 ||    96
       Tentacles         |    25 |    23 |    44 ||    92
       Dagger            |       |    64 |   256 ||   320
       Punch             |       |       |     2 ||     2
 Cast: Sting             |     1 |       |       ||     1
       Poisonous Vapours |     1 |    13 |    43 ||    57
       Olgreb's Toxic Ra |       |       |     7 ||     7
  Use: Scroll            |       |     6 |     4 ||    10
 Stab: Sleeping          |     9 |    12 |    28 ||    49
       Distracted        |       |     1 |     1 ||     2
  Eat: Chunk             |     3 |     6 |    12 ||    21
       Ration            |       |       |     2 ||     2
Armor: Skin              |    18 |    10 |     5 ||    33
Dodge: Dodged            |    89 |    60 |   136 ||   285
